 Dungeon Crawl Stone Soup version 0.16.2-2-g470672f (webtiles) character file.

20877 hannobal the Basher (level 12, -9/81 HPs)
             Began as a Mummy Venom Mage on Sept 2, 2015.
             Was an Elder of Sif Muna.
             Mangled by an eight-headed hydra (17 damage)
             ... on level 3 of the Lair of Beasts on Sept 3, 2015.
             The game lasted 01:50:18 (23567 turns).

hannobal the Basher (Mummy Venom Mage)             Turns: 23567, Time: 01:50:18

Health: -9/81      AC: 14    Str: 11    XL:     12   Next: 49%
Magic:  21/21      EV: 17    Int: 21    God:    Sif Muna [****..]
Gold:   257        SH:  0    Dex: 12    Spells: 5 memorised, 2 levels left

rFire  x . .     SeeInvis .     a - +1 glaive (protect)
rCold  + + .     Clarity  .     G - +2 robe {rC+}
rNeg   + + +     SustAb   .     (no shield)
rPois  ∞         Gourm    .     R - +0 hat {Int+3}
rElec  .         Spirit   .     r - +2 cloak
rCorr  .         Warding  .     (no gloves)
rMut   .         Stasis   .     O - +1 pair of boots
MR     +....                    (no amulet)
Stlth  ++........               y - +4 ring of evasion
                                f - ring of wizardry

@: somewhat resistant to hostile enchantments, unstealthy
A: no food or potions, fire vulnerability, restore body, cold resistance 1,
negative energy resistance 3, poison resistance, torment resistance, unbreathing
a: Channel Energy, Forget Spell, Renounce Religion


You were on level 3 of the Lair of Beasts.
You worshipped Sif Muna.
Sif Muna was greatly pleased with you.
You were not hungry.

You visited 3 branches of the dungeon, and saw 14 of its levels.
You also visited: Ossuary and Ice Cave.

You collected 639 gold pieces.
You spent 382 gold pieces at shops.

Inventory:

Hand weapons
 a - a +1 glaive of protection (weapon)
 b - a +2 whip of electrocution
 h - a +0 blowgun
Missiles
 c - a javelin of penetration (quivered)
 d - 11 tomahawks
 o - 6 tomahawks of returning
 t - 41 poisoned needles
 A - 3 tomahawks of dispersal
Armour
 r - a +2 cloak (worn)
 G - a +2 robe of cold resistance (worn)
 O - a +1 pair of boots (worn)
 R - a +0 hat of intelligence (worn)
Rods
 z - a +1 rod of clouds (15/15)
   (You found it on level 6 of the Dungeon)
Jewellery
 f - a ring of wizardry (left hand)
 y - a +4 ring of evasion (right hand)
 D - a +2 ring of slaying
 P - an uncursed ring of fire
Magical devices
 k - a wand of confusion (7)
 E - a wand of enslavement (16)
Scrolls
 i - 3 scrolls of identify
 j - a scroll of enchant weapon
 q - 3 scrolls of fear
 s - 3 scrolls of fog
 I - 2 scrolls of teleportation
Books
 g - a Young Poisoner's Handbook

   Spells                             Type                      Level
   a - Sting                          Conjuration/Poison           1
   b - Cure Poison                    Poison                       2
   c - Mephitic Cloud                 Conjuration/Poison/Air       3
   d - Olgreb's Toxic Radiance        Poison                       4
   e - Venom Bolt                     Conjuration/Poison           5
Miscellaneous
 e - a box of beasts


   Skills:
 - Level 3.4 Fighting
 + Level 11.7 Maces & Flails
 - Level 3.0 Polearms
 - Level 3.1 Dodging
 - Level 1.5 Stealth
 - Level 3.1 Spellcasting
 - Level 9.0 Conjurations
 - Level 1.0 Charms
 - Level 1.0 Air Magic
 - Level 8.1 Poison Magic
 - Level 1.3 Evocations


You had 2 spell levels left.
You knew the following spells:

 Your Spells              Type           Power        Failure   Level  Hunger
a - Sting                 Conj/Pois      ####         1%          1    N/A
m - Mephitic Cloud        Conj/Pois/Air  ####....     1%          3    N/A
o - Olgreb's Toxic Radia  Pois           #####...     2%          4    N/A
s - Swiftness             Chrm/Air       #.......     6%          2    N/A
v - Venom Bolt            Conj/Pois      #####.....   6%          5    N/A

Dungeon Overview and Level Annotations

Branches:
Dungeon (10/15)            Temple (1/1) D:4            Lair (3/8) D:10
  Swamp: Lair:3-6    Shoals: Lair:3-6     Snake: Lair:3-6    Spider: Lair:3-6
    Orc: D:9-12

Altars:
Ashenzari
Cheibriados
Dithmenos
Elyvilon
Fedhas
Gozag
Kikubaaqudgha
Makhleb
Nemelex Xobeh
Okawaru
Qazlal
Ru
Sif Muna
Trog
Vehumet
Xom
Yredelemnul
Zin
The Shining One
Lugonu

Shops:
D:8 *   D:9 [

Annotations:
Lair:2 stuff, ice statue. need flight or apport.... JELLIES, exclusions: ice statue and oklob plant


Innate Abilities, Weirdness & Mutations

You do not eat or drink.
Your flesh is vulnerable to fire.
Your flesh is cold resistant.
You are immune to negative energy.
Your system is resistant to poisons.
You are immune to unholy pain and torment.
You can survive without breathing.


Message History

An eight-headed hydra is nearby!
The eight-headed hydra roars!
Read which item? (? for menu, Esc to quit)
Okay, then.
Evoke which item? (* to show all) (? for menu, Esc to quit)
Zapping:
k - a wand of confusion (will waste charges)
Press: ? - help, Shift-Dir - straight line, f - eight-headed hydra
Aim: an eight-headed hydra (chance 17%)
Okay, then.
Evoke which item? (* to show all) (? for menu, Esc to quit)
You open the lid... ...but nothing happens.
The eight-headed hydra bites you but does no damage.
The eight-headed hydra bites you!
* * * LOW HITPOINT WARNING * * *
The eight-headed hydra bites you.
* * * LOW HITPOINT WARNING * * *
The eight-headed hydra bites you!
* * * LOW HITPOINT WARNING * * *
The eight-headed hydra bites you!
You die...

.............# #..# #
#.....8...# ##..# ###.......#
#.... ##...###....# #P..# .
#...## ##.....##...# .≈§§ ##...
##..8.+....## ...≈≈≈.#...#
##..###........# ...§≈≈.
#...##..#.....##....#
....§§§.##...D@..............#
.>.......#...#............†...#
.≈≈≈≈P..#..>.#..#.###.#.....††#
.≈.......#...#.#### ##......##
..≈.......###.#.P# #.......#
..≈.......#.....# ######......##
..#..l....†.....####.##P#......#
...........†..................#
.............#P.....#..+...†..##


You could see an eight-headed hydra.

Vanquished Creatures
  Gastronok (D:10)
  An unseen horror (D:8)
  2 hill giants (D:10)
  6 spiny frogs
  4 komodo dragons
  A freezing wraith (Lair:1)
  4 polar bears
  2 fire drakes
  Prince Ribbit (D:7)
  A troll (D:9)
  3 blink frogs (Lair:3)
  5 basilisks
  A deep elf mage (D:9)
  4 hippogriffs
  5 wolves (Lair:2)
  A hungry ghost (Lair:1)
  13 yaks
  8 water moccasins
  3 orc warriors
  4 porcupines
  19 ice beasts
  A sky beast (D:7)
  A necrophage (D:8)
  A wasp (D:7)
  4 ogres
  2 phantoms (D:8)
  3 black bears
  4 crocodiles
  Sigmund (D:2)
  7 centaurs
  2 big kobolds
  Blork the orc (D:7)
  10 giant frogs
  A wyvern skeleton (D:8)
  2 water moccasin zombies
  12 killer bees
  3 scorpions
  2 crimson imps
  2 lava snakes (Lair:3)
  3 hounds
  2 giant frog zombies
  A centaur skeleton (D:4)
  A gnoll shaman (D:7)
  2 giant frog skeletons
  12 jellies
  9 orc priests
  10 orc wizards
  8 iguanas
  6 worker ants
  Ijyb (D:7)
  6 mummies
  A hound skeleton (D:8)
  14 adders
  13 gnolls
  30 river rats
  A shadow imp (D:7)
  14 white imps
  4 worms
  2 giant mites
  13 giant geckos
  9 oozes
  58 orcs
  3 bat skeletons
  12 hobgoblins
  11 quokkas
  2 ball pythons (D:4)
  20 bats
  6 giant cockroaches
  A giant gecko zombie (D:5)
  8 giant newts
  A gnoll zombie (Ossuary)
  12 goblins
  A hobgoblin zombie (Ossuary)
  12 jackals
  A jackal skeleton (D:4)
  23 kobolds
  2 kobold zombies (Ossuary)
  2 quokka skeletons
  18 rats
  A plant (D:10)
504 creatures vanquished.

Vanquished Creatures (others)
  The ghost of DizzySkin the Destroyer, a powerful DECj of Vehumet (Lair:3)
  3 fulminant prisms (Lair:3)
  A crimson imp (D:9)
  7 fungi
  4 plants
16 creatures vanquished.

Grand Total: 520 creatures vanquished

Notes
Turn   | Place    | Note
--------------------------------------------------------------
     0 | D:1      | hannobal, the Mummy Venom Mage, began the quest for the Orb.
     0 | D:1      | Reached XP level 1. HP: 13/13 MP: 3/3
   467 | D:1      | Reached skill level 1 in Conjurations
   845 | D:1      | Reached XP level 2. HP: 19/19 MP: 0/4
  1475 | D:2      | Reached XP level 3. HP: 24/24 MP: 0/6
  1692 | D:2      | Found a sacrificial altar of Ru.
  2269 | D:2      | Reached XP level 4. HP: 30/30 MP: 1/7
  2275 | D:2      | Learned a level 4 spell: Olgreb's Toxic Radiance
  2616 | D:2      | Noticed Sigmund
  2637 | D:2      | Killed Sigmund
  2637 | D:2      | Reached skill level 4 in Poison Magic
  2637 | D:2      | Reached XP level 5. HP: 18/35 MP: 2/9
  4984 | D:4      | Found a shadowy altar of Dithmenos.
  5108 | D:4      | Reached skill level 5 in Poison Magic
  5169 | D:4      | Reached XP level 6. HP: 41/41 MP: 5/10
  5243 | D:4      | Noticed a hippogriff
  5366 | D:3      | Killed a hippogriff
  5366 | D:3      | Reached skill level 6 in Poison Magic
  5366 | D:3      | Reached XP level 7. HP: 20/46 MP: 0/12
  5915 | D:4      | Found a staircase to the Ecumenical Temple.
  5935 | Temple   | Entered the Ecumenical Temple
  5979 | Temple   | Became a worshipper of Sif Muna the Loreminder
  6036 | D:4      | Learned a level 3 spell: Mephitic Cloud
  6075 | D:4      | Found a glowing golden altar of the Shining One.
  6185 | D:4      | Found a sparkling altar of Nemelex Xobeh.
  6542 | D:4      | Reached skill level 1 in Air Magic
  6693 | D:4      | Found a snail-covered altar of Cheibriados.
  6694 | D:4      | Found a white marble altar of Elyvilon.
  6894 | D:4      | Found a shattered altar of Ashenzari.
  6896 | D:4      | Found a bloodstained altar of Trog.
  6950 | D:5      | Entered Level 5 of the Dungeon
  7666 | D:5      | Reached skill level 7 in Poison Magic
  8032 | D:5      | Reached skill level 1 in Fighting
  8172 | D:4      | Found a shimmering altar of Xom.
  8535 | D:5      | Acquired Sif Muna's first power
  8535 | D:5      | Reached XP level 8. HP: 54/54 MP: 0/13
  9553 | D:6      | Found an opulent altar of Gozag.
  9619 | D:6      | Identified a +0 rod of clouds (13/13) (You found it on level 6 of the Dungeon)
  9697 | D:6      | Reached skill level 1 in Evocations
  9979 | D:6      | Found an iron altar of Okawaru.
 10438 | D:6      | Reached skill level 5 in Conjurations
 10826 | D:7      | Noticed Blork the orc
 10835 | D:7      | Killed Blork the orc
 10835 | D:7      | Acquired Sif Muna's second power
 10903 | D:7      | Found a sand-covered staircase.
 10907 | Ossuary  | Entered an ossuary
 10935 | Ossuary  | HP: 2/54 [mummy (9)]
 11278 | D:7      | Learned a level 5 spell: Venom Bolt
 11421 | D:7      | Noticed Prince Ribbit
 11444 | D:7      | Killed Prince Ribbit
 11444 | D:7      | Reached XP level 9. HP: 59/59 MP: 6/18
 12051 | D:7      | Noticed Ijyb
 12060 | D:7      | Killed Ijyb
 12187 | D:7      | Reached skill level 8 in Conjurations
 13071 | D:7      | Acquired Sif Muna's third power
 13835 | D:8      | Reached skill level 1 in Polearms
 13855 | D:8      | Killed an unseen horror
 13855 | D:8      | Reached XP level 10. HP: 25/65 MP: 2/18
 14232 | D:8      | Found Keol's General Store.
 14312 | D:8      | Found an iron altar of Okawaru.
 14445 | D:8      | Reached skill level 9 in Conjurations
 15330 | D:9      | Reached skill level 1 in Maces & Flails
 15575 | D:9      | Found Styut's Armour Shoppe.
 15582 | D:9      | Bought a +1 pair of boots for 195 gold pieces
 15630 | D:9      | Bought a +1 hat for 187 gold pieces
 15911 | D:10     | Entered Level 10 of the Dungeon
 16375 | D:10     | Noticed a seven-headed hydra
 16433 | D:10     | Noticed a hill giant
 16531 | D:10     | Noticed a hill giant
 16537 | D:10     | Killed a hill giant
 16537 | D:10     | Reached skill level 5 in Maces & Flails
 16572 | D:10     | Killed a hill giant
 16572 | D:10     | Reached XP level 11. HP: 57/75 MP: 5/20
 16657 | D:10     | Found a staircase to the Lair.
 16697 | D:10     | Noticed Gastronok
 17088 | Lair:1   | Entered Level 1 of the Lair of Beasts
 17291 | Lair:1   | Found a frozen archway.
 17329 | IceCv    | Entered an ice cave
 17797 | IceCv    | Noticed an ice statue
 17797 | IceCv    | Noticed an ice statue
 20144 | D:10     | Killed Gastronok
 20362 | Lair:1   | Reached skill level 10 in Maces & Flails
 20461 | Lair:1   | Reached XP level 12. HP: 79/81 MP: 21/21
 20465 | Lair:1   | Learned a level 2 spell: Swiftness
 20488 | Lair:1   | Reached skill level 1 in Charms
 20885 | Lair:2   | Noticed an ice statue
 21338 | Lair:2   | Reached skill level 11 in Maces & Flails
 21527 | Lair:2   | Got an iridescent halberd
 21528 | Lair:2   | Identified the +7 halberd "Pennonaa" {holy, rElec Dex+2} (You found it on level 2 of the Lair of Beasts)
 23107 | Lair:3   | Noticed an eight-headed hydra
 23512 | Lair:3   | Noticed DizzySkin's ghost (powerful DECj)
 23551 | Lair:3   | Killed DizzySkin's ghost
 23567 | Lair:3   | Mangled by an eight-headed hydra

Action                   |  1- 3 |  4- 6 |  7- 9 | 10-12 || total
-------------------------+-------+-------+-------+-------++-------
Melee: Short sword       |    21 |    16 |     3 |       ||    40
       Flail             |       |       |   101 |       ||   101
       Trident           |       |       |    31 |       ||    31
       War axe           |       |       |    31 |       ||    31
       Glaive            |       |       |   184 |   277 ||   461
       Whip              |       |       |       |   341 ||   341
 Fire: Hunting sling     |       |    12 |    11 |       ||    23
Throw: Tomahawk          |       |       |    33 |     4 ||    37
       Stone             |       |       |     3 |       ||     3
       Javelin           |       |       |       |     7 ||     7
 Cast: Sting             |    80 |   119 |   238 |     6 ||   443
       Olgreb's Toxic Ra |       |     6 |    55 |   176 ||   237
       Mephitic Cloud    |       |       |    35 |    57 ||    92
       Venom Bolt        |       |       |     4 |    47 ||    51
Invok: Channel Energy    |       |       |    82 |   325 ||   407
Evoke: Wand              |       |       |     2 |     8 ||    10
       Rod               |       |       |     1 |       ||     1
       Box of beasts     |       |       |       |     1 ||     1
  Use: Scroll            |     5 |     7 |     6 |    10 ||    28
 Stab: Paralysed         |       |       |       |     7 ||     7
       Confused          |       |       |       |     4 ||     4
       Betrayed ally     |       |       |       |     1 ||     1
       Distracted        |       |       |       |     1 ||     1
       Sleeping          |       |       |       |     1 ||     1
